 Dungeon Crawl Stone Soup version 0.27-a0-1202-ge72e49191c (webtiles) character file.

Game seed: 3713913344588030773

230 deadmanwalking the Digger (level 6, 0/32 HPs)
             Began as a Gargoyle Earth Elementalist on June 2, 2021.
             Was an Initiate of Vehumet.
             Slain by Edmund
             ... wielding a +3 flail of protection
              (2 damage)
             ... on level 3 of the Dungeon.
             The game lasted 00:12:16 (4206 turns).

deadmanwalking the Digger (GrEE)                    Turns: 4206, Time: 00:12:17

Health: 0/32       AC:  8    Str: 11    XL:     6   Next: 3%
Magic:  8/11       EV: 11    Int: 18    God:    Vehumet [......]
Gold:   147        SH:  0    Dex: 10    Spells: 3/12 levels left

rFire    . . .     SeeInvis .   d - +1 short sword
rCold    . . .     Faith    .   (no shield)
rNeg     + . .     Spirit   .   c - +1 robe
rPois    ∞         Reflect  .   (no helmet)
rElec    +         Harm     .   (no cloak)
rCorr    .         Rampage  .   f - +0 pair of gloves
Will     .....                  (no boots)
Stlth    ++........             (no amulet)
HPRegen  0.10/turn              (no ring)
MPRegen  0.12/turn              (no ring)

@: hasted, very quick
A: sickness immunity, AC +4, negative energy resistance 1, electricity
resistance, torment resistance 1, petrification resistance
a: Renounce Religion


You were on level 3 of the Dungeon.
You worshipped Vehumet.
Vehumet was noncommittal.
You visited 1 branch of the dungeon, and saw 4 of its levels.

You collected 147 gold pieces.

Inventory:

Hand Weapons
 d - a +1 short sword (weapon)
Missiles
 b - 44 stones
 g - 18 bolts
 k - 19 arrows
 l - 17 sling bullets
Armour
 c - a +1 robe (worn)
 f - a +0 pair of gloves (worn)
Scrolls
 h - 2 scrolls of fear
 o - a scroll of brand weapon {unknown}
Potions
 a - a potion of attraction {unknown}
 e - a potion of haste
 i - a potion of curing {unknown}
 j - a potion of resistance {unknown}
 m - a potion of might {unknown}
 n - a potion of heal wounds {unknown}


   Skills:
 - Level 1.5 Dodging
 - Level 2.1 Stealth
 + Level 3.7 Spellcasting
 + Level 2.9 Conjurations
 - Level 0.7 Transmutations
 + Level 5.6 Earth Magic


You had 3 spell levels left.
You knew the following spells:

 Your Spells              Type           Power      Damage    Failure   Level
a - Sandblast             Erth           46%        2d11      1%          1
b - Stone Arrow           Conj/Erth      36%        3d9       8%          3
c - Lee's Rapid Deconstr  Erth           11%        3d9*      38%         5

Your spell library contained the following spells:

 Spells                   Type           Power      Damage    Failure   Level
 Passwall                 Tmut/Erth      11%        N/A       6%          2
 Petrify                  Tmut/Erth      14%        N/A       38%         4


Dungeon Overview and Level Annotations

Branches:
Dungeon (4/15)
 Temple: D:4-7

Altars:
Elyvilon
Okawaru
Ru
Vehumet

Shops:
D:3 !

Annotations:
D:3 1 runed translucent door, Edmund; reversiblehash's ghost, amateur MiFi


Innate Abilities, Weirdness & Mutations

You are immune to sickness and miasma.
Your stone body is resilient. (AC +4)
You are immune to poison.
You resist negative energy. (rN+)
You are resistant to electric shocks. (rElec)
You are resistant to unholy torment.
You are immune to petrification.


Message History

The quokka bites you but does no damage. x2
You hit the quokka.
The quokka is almost dead.
The quokka bites you but does no damage.
You barely miss the quokka.
The quokka is almost dead.
The quokka misses you.
Casting: Sandblast (safe; 1% risk of failure)
Confirm with . or Enter, or press ? or * to list all spells.
The spell is quite dangerous to cast (8% risk of failure)!
Continue anyway?
Aiming: Stone Arrow (quite dangerous; 8% risk of failure)
Press: ? - help, Shift-Dir - straight line, f - Edmund
Aim: Edmund, wielding a +3 flail of protection and wearing a +0 scale mail (72% to hit)
The stone arrow misses Edmund.
The quokka closely misses you.
A hound comes into view.
Edmund hits you with a +3 flail of protection!
The quokka closely misses you.
Edmund hits you with a +3 flail of protection!
The quokka closely misses you.
You climb upwards.
Level annotation: 1 runed translucent door, reversiblehash's ghost, amateur MiFi
There is a stone staircase leading down here.
You hit the quokka.
You kill the quokka!
Vehumet accepts your kill. Edmund misses you.
Edmund hits you with a +3 flail of protection!
You see here a quokka corpse.
You are too injured to fight recklessly!
Casting: Stone Arrow (quite dangerous; 8% risk of failure)
Confirm with . or Enter, or press ? or * to list all spells.
Aiming: Sandblast (safe; 1% risk of failure)
Press: ? - help, Shift-Dir - straight line, f - Edmund
Aim: Edmund, wielding a +3 flail of protection and wearing a +0 scale mail (83% to hit)
The blast of sand hits Edmund but does no damage.
Edmund hits you with a +3 flail of protection!
* * * LOW HITPOINT WARNING * * *
It was a potion of haste.
You feel yourself speed up.
Edmund hits you with a +3 flail of protection.
You die...

########### #
#######
#.....@@†># #
......#
#.#######.# #
##....# #.# #.# #
#.###.## #)# #.#
## .##
##.####[#### #.#
##. )#
#.....[...## #.#
##.. .##
##..........# #.#
#######...
#.###.#.###.^#..#
#.# #.......<.
........# #..#..#
#.# #.#######.


You could see Edmund.

Vanquished Creatures
  2 orc wizards (D:3)
  5 adders
  3 gnolls (D:3)
  An adder skeleton (D:3)
  A worm (D:3)
  2 dart slugs (D:2)
  8 orcs (D:3)
  4 bats
  8 endoplasms
  4 giant cockroaches
  5 goblins
  5 hobgoblins
  9 jackals
  5 quokkas
  5 ball pythons
  4 frilled lizards
  10 kobolds
  6 rats
87 creatures vanquished.

Vanquished Creatures (collateral kills)
  An endoplasm (D:1)
  A kobold (D:1)
2 creatures vanquished.

Grand Total: 89 creatures vanquished

Notes
Turn   | Place    | Note
-------+----------+-------------------------------------------
     0 | D:1      | deadmanwalking the Gargoyle Earth Elementalist began the
                  | quest for the Orb.
     0 | D:1      | Reached XP level 1. HP: 10/10 MP: 3/3
   527 | D:1      | Reached XP level 2. HP: 15/15 MP: 5/5
   542 | D:1      | Reached skill level 4 in Earth Magic
  1251 | D:1      | Found a faded altar of an unknown god.
  1582 | D:2      | Reached XP level 3. HP: 19/19 MP: 6/6
  1593 | D:2      | Learned a level 3 spell: Stone Arrow
  2030 | D:2      | Reached skill level 1 in Conjurations
  2046 | D:2      | Reached XP level 4. HP: 24/24 MP: 6/8
  2584 | D:3      | Found a sacrificial altar of Ru.
  2951 | D:3      | Reached skill level 5 in Earth Magic
  3061 | D:3      | Found a white marble altar of Elyvilon.
  3094 | D:3      | Reached XP level 5. HP: 28/28 MP: 9/9
  3100 | D:3      | Learned a level 5 spell: Lee's Rapid Deconstruction
  3244 | D:3      | Found a runed translucent door.
  3276 | D:3      | Noticed a phantom
  3276 | D:3      | Noticed reversiblehash's ghost (amateur MiFi)
  3844 | D:3      | Found Ferugg's Distillery.
  3852 | D:3      | Reached XP level 6. HP: 29/32 MP: 11/11
  4034 | D:4      | Noticed Edmund
  4166 | D:4      | Found an iron altar of Okawaru.
  4166 | D:4      | Found a radiant altar of Vehumet.
  4170 | D:4      | Became a worshipper of Vehumet
  4206 | D:3      | Slain by Edmund

Illustrated notes

Levels and vault maps discovered:
D:1:      psy_arrival_wood_between_worlds, layout_basic,
          hellmonk_ecumenical_altar_slurped_away, grunt_decor_mini_mirrors,
          minmay_split_cup_small
D:2:      layout_basic
D:3:      minmay_chambers_of_threes, layout_loops_ring, elyvilon_altar_3,
          nicolae_overflow_crystal_walls, serial_shops,
          nicolae_shop_temple_entry_statues_fountains, ebering_ghost_inner_flame
D:4:      layout_cave_pools, gammafunk_temple_overflow_wave,
          small_statue_intersection, amethyst_killhole, uniq_edmund

Skill      XL: |  1  2  3  4  5 |
---------------+----------------+-----
Earth Magic    | 4 5 |  5.6
Conjurations   | 1 2 |  2.9
Spellcasting   | 3 |  3.7
Dodging        | |  1.5
Stealth        | |  2.1
Transmutations | |  0.7

Action                   |  1- 3 |  4- 6 || total
-------------------------+-------+-------++-------
Melee: Short sword       |   111 |   131 ||   242
 Cast: Sandblast         |     9 |    38 ||    47
       Stone Arrow       |       |     3 ||     3
  Use: Scroll            |     3 |     2 ||     5
       Potion            |       |     1 ||     1
 Stab: Sleeping          |     2 |     3 ||     5
Armor: Robe              |    52 |    71 ||   123
Dodge: Dodged            |    72 |   102 ||   174

Table legend: (Time is in decaauts)
 A = Elapsed time spent in this place.
 B = Non-inter-level travel time spent in this place.
 C = Inter-level travel time spent in this place.
 D = Time resting spent in this place.
 E = Time spent auto-exploring this place.
 F = Levels seen in this place.
 G = Mean time per level.
                   A        B        C        D        E       F      G
               +--------+--------+--------+--------+--------+-----+--------+
         Total |   4236 |   3929 |    307 |      0 |   3159 |   4 | 1059.0 |
       Dungeon |   4236 |   3929 |    307 |      0 |   3159 |   4 | 1059.0 |
               +--------+--------+--------+--------+--------+-----+--------+

Top non-repeatable levels by time:
     D:1: 1570 daAuts
     D:3: 1365 daAuts
     D:2: 1225 daAuts
     D:4: 74 daAuts
